A- EAST
DELMARVA SHOREBIRDS @ SALEM RED SOX
04/16/2042
 
TOP OF THE 1ST
Delmarva Shorebirds batting - Pitching for Salem Red Sox : LHP Ezra Chávez
Pitching: LHP Ezra Chávez
Batting: RHB Pepe Pueblo 0-0: Ball
1-0: Swinging Strike
1-1: Fly out, F6 (Line Drive, 6, EV 67.5 MPH)
Batting: RHB Mike Davis 0-0: Ball
1-0: Ball
2-0: Called Strike
2-1: Called Strike
2-2: Ball
3-2: Strikes out swinging
Batting: RHB Jake Stokes 0-0: Ball
1-0: Foul Ball, location: 9LSF
1-1: SOLO HOME RUN (Flyball, 9D, EV 97.5 MPH), Distance : 378 ft
Batting: LHB Tim Rogers 0-0: Called Strike
0-1: Foul Ball, location: 3DF
0-2: Foul Ball, location: 5F
0-2: Ball
1-2: Foul Ball, location: 23F
1-2: Ball
2-2: Ball
3-2: Base on Balls
Batting: RHB Chris Jackson 0-0: Ball
1-0: Called Strike
1-1: Ball
2-1: Foul Ball, location: 2F
2-2: Fly out, F8 (Flyball, 8RM, EV 79.4 MPH)
Top of the 1st over - 1 run, 1 hit, 0 errors, 1 left on base; Delmarva 1 - Salem 0
BOTTOM OF THE 1ST
Salem Red Sox batting - Pitching for Delmarva Shorebirds : RHP Sean Warren
Pitching: RHP Sean Warren
Batting: RHB Dave Ross 0-0: Ball
1-0: Called Strike
1-1: Ball
2-1: Bunt missed!
2-2: Ball
3-2: Ground out U3 (Groundball, 3, EV 85.6 MPH)
Batting: RHB Dan Johnson 0-0: Ball
1-0: SINGLE (Groundball, 3D, EV 106.3 MPH)
Batting: LHB Steve Small 0-0: SINGLE (Groundball, 6MD, EV 101.9 MPH)
Dan Johnson to second
Runner from 2nd tries for 3rd, OUT! 8-5
Batting: RHB Ricky Hennessey 0-0: Ball
1-0: Fly out, F7 (Line Drive, 78M, EV 99.4 MPH)
Bottom of the 1st over - 0 runs, 2 hits, 0 errors, 1 left on base; Delmarva 1 - Salem 0
TOP OF THE 2ND
Delmarva Shorebirds batting - Pitching for Salem Red Sox : LHP Ezra Chávez
Pitching: RHP Octávio Garza
Batting: RHB Pat Pallister 0-0: Ball
1-0: Ball
2-0: Foul Ball, location: 3F
2-1: Swinging Strike
2-2: Foul Ball, location: 5SF
2-2: Strikes out looking
Batting: RHB Héctor Martínez 0-0: Fly out, F7 (Flyball, 7, EV 99.4 MPH)
Batting: RHB Jorge Ramos 0-0: Called Strike
0-1: Ground out 6-3 (Groundball, 56, EV 85.0 MPH)
Top of the 2nd over - 0 runs, 0 hits, 0 errors, 0 left on base; Delmarva 1 - Salem 0
BOTTOM OF THE 2ND
Salem Red Sox batting - Pitching for Delmarva Shorebirds : RHP Sean Warren
Batting: LHB Len Martin 0-0: Called Strike
0-1: Called Strike
0-2: Ball
1-2: Ball
2-2: Foul Ball, location: 25FF
2-2: Strikes out swinging
Batting: RHB Leon Elkins 0-0: Called Strike
0-1: Foul Ball, location: 2F
0-2: Strikes out swinging
Batting: LHB Domenic Merritt 0-0: Called Strike
0-1: Ball
1-1: Ball
2-1: Ball
3-1: Base on Balls
Batting: RHB José Abreu 0-0: Ball
1-0: Foul Ball, location: 2F
Balk!
Domenic Merritt to second
1-1: Swinging Strike
1-2: Fly out, F4 (Popup, 34, EV 79.4 MPH)
Bottom of the 2nd over - 0 runs, 0 hits, 0 errors, 1 left on base; Delmarva 1 - Salem 0
TOP OF THE 3RD
Delmarva Shorebirds batting - Pitching for Salem Red Sox : RHP Octávio Garza
Batting: RHB Max Hardin 0-0: Called Strike
0-1: Ball
1-1: Called Strike
1-2: Ball
2-2: SINGLE (Line Drive, 7LS, EV 86.9 MPH)
Batting: RHB Pepe Pueblo 0-0: Called Strike
0-1: Bunted foul
0-2: Fielders Choice at 2nd, 6-4 (Groundball, 56, EV 99.4 MPH)
Batting: RHB Mike Davis 0-0: Called Strike
Pepe Pueblo is caught stealing 2nd base 2-4
0-1: Ball
1-1: SOLO HOME RUN (Flyball, 7D, EV 99.4 MPH), Distance : 399 ft
Batting: RHB Jake Stokes 0-0: Called Strike
0-1: Ball
1-1: Ball
2-1: SINGLE (Line Drive, 4M, EV 95.6 MPH)
Batting: LHB Tim Rogers 0-0: Called Strike
Jake Stokes steals 2nd base
0-1: Foul Ball, location: 25F
0-2: Strikes out swinging
Top of the 3rd over - 1 run, 3 hits, 0 errors, 1 left on base; Delmarva 2 - Salem 0
BOTTOM OF THE 3RD
Salem Red Sox batting - Pitching for Delmarva Shorebirds : RHP Sean Warren
Batting: RHB Víctor Navarro 0-0: Called Strike
0-1: Ground out 6-3 (Groundball, 6, EV 105.6 MPH)
Batting: RHB Dave Ross 0-0: Ball
1-0: Ball
2-0: Ball
3-0: Foul Ball, location: 5DF
3-1: Base on Balls
Batting: RHB Dan Johnson 0-0: Ball
1-0: Called Strike
1-1: Ball
2-1: Foul Ball, location: 9LMF
2-2: SINGLE (Groundball, 6MS, EV 63.1 MPH) (infield hit)
Dave Ross to second
Batting: LHB Steve Small 0-0: Ball
1-0: Ball
2-0: Called Strike
2-1: Foul Ball, location: 23FF
2-2: Ball
3-2: Strikes out swinging
Batting: RHB Ricky Hennessey 0-0: Ball
1-0: Foul Ball, location: 2F
1-1: Called Strike
1-2: Strikes out swinging
Bottom of the 3rd over - 0 runs, 1 hit, 0 errors, 2 left on base; Delmarva 2 - Salem 0
TOP OF THE 4TH
Delmarva Shorebirds batting - Pitching for Salem Red Sox : RHP Octávio Garza
Batting: RHB Chris Jackson 0-0: Called Strike
0-1: SINGLE (Groundball, 4MD, EV 98.1 MPH)
Batting: RHB Pat Pallister 0-0: Ball
Wild Pitch!
Chris Jackson to second
1-0: Sac Bunt to P - play at third, runner OUT! 1-5
Batting: RHB Héctor Martínez 0-0: Called Strike
0-1: Ball
Pat Pallister steals 2nd base
1-1: Ball
2-1: Ball
3-1: Foul Ball, location: 2F
3-2: Strikes out swinging
Batting: RHB Jorge Ramos 0-0: Called Strike
0-1: SINGLE (Groundball, 56S, EV 70.0 MPH) (infield hit)
Pat Pallister to third
Batting: RHB Max Hardin 0-0: SINGLE (Flyball, 8LS, EV 93.1 MPH)
Pat Pallister scores
Jorge Ramos to second
Batting: RHB Pepe Pueblo 0-0: Called Strike
0-1: Ball
1-1: Called Strike
1-2: Foul Ball, location: 2F
1-2: Foul Ball, location: 9LSF
1-2: Foul Ball, location: 9LSF
1-2: Ball
2-2: Ball
3-2: Foul Ball, location: 2F
3-2: Base on Balls
Jorge Ramos to third
Max Hardin to second
Batting: RHB Mike Davis 0-0: Ball
1-0: Foul Ball, location: 25F
1-1: Swinging Strike
1-2: Ball
2-2: Foul Ball, location: 5SF
2-2: Ball
3-2: Ground out 6-3 (Groundball, 6, EV 101.3 MPH)
Top of the 4th over - 1 run, 3 hits, 0 errors, 3 left on base; Delmarva 3 - Salem 0
BOTTOM OF THE 4TH
Salem Red Sox batting - Pitching for Delmarva Shorebirds : RHP Sean Warren
Batting: LHB Len Martin 0-0: Called Strike
0-1: Swinging Strike
0-2: Ball
1-2: Ball
2-2: Foul Ball, location: 3FF
2-2: Strikes out swinging
Batting: RHB Leon Elkins 0-0: Ball
1-0: Ball
2-0: Foul Ball, location: 2F
2-1: Called Strike
2-2: Ball
3-2: Strikes out swinging
Batting: LHB Domenic Merritt 0-0: Swinging Strike
0-1: Ball
1-1: Called Strike
1-2: Ball
2-2: Ball
3-2: Strikes out swinging
Bottom of the 4th over - 0 runs, 0 hits, 0 errors, 0 left on base; Delmarva 3 - Salem 0
TOP OF THE 5TH
Delmarva Shorebirds batting - Pitching for Salem Red Sox : RHP Octávio Garza
Batting: RHB Jake Stokes 0-0: Called Strike
0-1: Called Strike
0-2: Strikes out swinging
Batting: LHB Tim Rogers 0-0: Ball
1-0: Foul Ball, location: 3FF
1-1: Ball
2-1: SINGLE (Line Drive, 4MD, EV 93.8 MPH)
Batting: RHB Chris Jackson 0-0: Called Strike
0-1: Ball
1-1: Ball
2-1: Called Strike
2-2: Ball
3-2: Base on Balls
Tim Rogers to second
Batting: RHB Pat Pallister 0-0: Ball
1-0: Ball
2-0: Foul Ball, location: 9LSF
2-1: Ball
3-1: Base on Balls
Tim Rogers to third
Chris Jackson to second
Batting: RHB Héctor Martínez 0-0: Ball
1-0: Called Strike
1-1: Fly out, F7 (Flyball, 7, EV 92.5 MPH)
Runner from 3rd tags up, SCORES, throw by LF
Pitching: RHP Artie Eaton
Batting: RHB Jorge Ramos 0-0: Ball
1-0: Ball
2-0: Swinging Strike
2-1: Ball
3-1: Base on Balls
Chris Jackson to third
Pat Pallister to second
Batting: RHB Max Hardin 0-0: Ball
1-0: Foul Ball, location: 2F
1-1: Ball
2-1: SINGLE (Groundball, 6MD, EV 105.6 MPH)
Chris Jackson scores
Pat Pallister to third
Jorge Ramos to second
Runner from 3rd tries for Home, SAFE, throw by CF to home
Batting: RHB Pepe Pueblo 0-0: Ball
1-0: Foul Ball, location: 3FF
1-1: Ball
2-1: Ground out 1-3 (Groundball, 13S, EV 70.0 MPH)
Top of the 5th over - 3 runs, 2 hits, 0 errors, 2 left on base; Delmarva 6 - Salem 0
BOTTOM OF THE 5TH
Salem Red Sox batting - Pitching for Delmarva Shorebirds : RHP Sean Warren
Batting: RHB José Abreu 0-0: Ball
1-0: Swinging Strike
1-1: Ball
2-1: Ball
3-1: Base on Balls
Batting: RHB Víctor Navarro 0-0: Called Strike
0-1: Fly out, F5 (Popup, 56S, EV 74.4 MPH)
Batting: RHB Dave Ross 0-0: Swinging Strike
0-1: Foul Ball, location: 2F
0-2: Foul Ball, location: 9LSF
0-2: Ball
1-2: Ball
2-2: Strikes out looking
Batting: RHB Dan Johnson 0-0: Fly out, F8 (Flyball, 8LD, EV 108.8 MPH)
Bottom of the 5th over - 0 runs, 0 hits, 0 errors, 1 left on base; Delmarva 6 - Salem 0
TOP OF THE 6TH
Delmarva Shorebirds batting - Pitching for Salem Red Sox : RHP Artie Eaton
Batting: RHB Mike Davis 0-0: Swinging Strike
0-1: Called Strike
0-2: Ground out 6-3 (Groundball, 4MS, EV 78.8 MPH)
Batting: RHB Jake Stokes 0-0: Foul Ball, location: 2F
0-1: Ball
1-1: Called Strike
1-2: Strikes out swinging
Batting: LHB Tim Rogers 0-0: Ball
1-0: Foul Ball, location: 25F
1-1: Fly out, F9 (Line Drive, 9, EV 102.5 MPH)
Top of the 6th over - 0 runs, 0 hits, 0 errors, 0 left on base; Delmarva 6 - Salem 0
BOTTOM OF THE 6TH
Salem Red Sox batting - Pitching for Delmarva Shorebirds : RHP Sean Warren
Batting: LHB Steve Small 0-0: Ball
1-0: Ball
2-0: Ball
3-0: Base on Balls
Pitching: RHP Geremia Velo
Batting: RHB Ricky Hennessey 0-0: Foul Ball, location: 25FF
0-1: Ball
1-1: SINGLE (Groundball, 4MD, EV 104.4 MPH)
Steve Small to second
Batting: LHB Len Martin 0-0: Ball
1-0: Ball
2-0: Called Strike
2-1: Foul Ball, location: 2F
2-2: Ball
3-2: Base on Balls
Steve Small to third
Ricky Hennessey to second
Batting: RHB Leon Elkins 0-0: Called Strike
0-1: Ball
Wild Pitch!
Steve Small scores
Ricky Hennessey to third
Len Martin to second
1-1: Ball
2-1: Foul Ball, location: 23F
2-2: Ball
3-2: Foul Ball, location: 9LMF
3-2: Base on Balls
Batting: LHB Domenic Merritt 0-0: Called Strike
0-1: Ball
1-1: Swinging Strike
1-2: Strikes out swinging
Batting: RHB José Abreu 0-0: Called Strike
0-1: Ball
1-1: Called Strike
1-2: GRAND SLAM HOME RUN (Flyball, 7D, EV 100.0 MPH), Distance : 385 ft
Pitching: RHP Cris Franco
Pinch Hitting: RHB Luis Medina 0-0: Swinging Strike
0-1: Ball
1-1: Ground out 5-3 (Groundball, 5S, EV 77.5 MPH)
Pinch Hitting: SHB Jorge Carrillo 0-0: Ball
1-0: Called Strike
1-1: Ball
2-1: Foul Ball, location: 23F
2-2: Ball
3-2: Strikes out swinging
Bottom of the 6th over - 5 runs, 2 hits, 0 errors, 0 left on base; Delmarva 6 - Salem 5
TOP OF THE 7TH
Delmarva Shorebirds batting - Pitching for Salem Red Sox : RHP Artie Eaton
Now at SS: Jorge Carrillo
Now in LF: David Cavazos
Now in CF: Dan Johnson
Batting: RHB Chris Jackson 0-0: Foul Ball, location: 5F
0-1: Ball
1-1: Hit by Pitch
Batting: RHB Pat Pallister 0-0: 2-RUN HOME RUN (Flyball, 78XD, EV 107.5 MPH), Distance : 414 ft
Batting: RHB Héctor Martínez 0-0: Foul Ball, location: 3F
0-1: Ball
1-1: Ball
2-1: Ball
3-1: Swinging Strike
3-2: Foul Ball, location: 5SF
3-2: Base on Balls
Batting: RHB Jorge Ramos 0-0: Bunted foul
0-1: Called Strike
0-2: Ball
1-2: Grounds into double play, 5-4-3 (Groundball, 56S, EV 88.8 MPH)
Batting: RHB Max Hardin 0-0: Ball
1-0: Ball
2-0: Ground out 6-3 (Groundball, 6, EV 91.9 MPH)
Top of the 7th over - 2 runs, 1 hit, 0 errors, 0 left on base; Delmarva 8 - Salem 5
BOTTOM OF THE 7TH
Salem Red Sox batting - Pitching for Delmarva Shorebirds : RHP Cris Franco
Batting: RHB Dan Johnson 0-0: Ball
1-0: Ball
2-0: Swinging Strike
2-1: Foul Ball, location: 2F
2-2: Strikes out swinging
Batting: LHB Steve Small 0-0: Fly out, F7 (Flyball, 78D, EV 97.5 MPH)
Batting: RHB Ricky Hennessey 0-0: Ball
1-0: Ball
2-0: Called Strike
2-1: Ball
3-1: Fly out, F7 (Flyball, 78S, EV 88.1 MPH)
Bottom of the 7th over - 0 runs, 0 hits, 0 errors, 0 left on base; Delmarva 8 - Salem 5
TOP OF THE 8TH
Delmarva Shorebirds batting - Pitching for Salem Red Sox : RHP Artie Eaton
Batting: RHB Pepe Pueblo 0-0: Ball
1-0: Foul Ball, location: 23FF
1-1: Foul Ball, location: 9LMF
1-2: Ground out 6-3 (Groundball, 6, EV 101.9 MPH)
Batting: RHB Mike Davis 0-0: Ball
1-0: Ball
2-0: Ball
3-0: Base on Balls
Batting: RHB Jake Stokes 0-0: Called Strike
0-1: Called Strike
0-2: Ball
1-2: DOUBLE (Flyball, 8RXD, EV 111.3 MPH)
Mike Davis to third
Runner from 3rd tries for Home, SAFE, no throw by CF
Pitching: RHP Isaac Baker
Batting: LHB Tim Rogers 0-0: Called Strike
0-1: Ball
1-1: Foul Ball, location: 2F
1-2: Foul Ball, location: 3F
1-2: Foul Ball, location: 2F
1-2: Ball
2-2: Foul Ball, location: 5F
2-2: Ball
3-2: Base on Balls
Batting: RHB Chris Jackson 0-0: Called Strike
0-1: SINGLE (Line Drive, 34D, EV 106.3 MPH)
Jake Stokes to third
Tim Rogers to second
Batting: RHB Pat Pallister 0-0: Ball
1-0: Foul Ball, location: 23F
1-1: Foul Ball, location: 2F
1-2: Strikes out swinging
Batting: RHB Héctor Martínez 0-0: Ball
1-0: Ball
2-0: Called Strike
2-1: Swinging Strike
2-2: Ball
3-2: Foul Ball, location: 3FF
3-2: Foul Ball, location: 5SF
3-2: Ground out 3-1 (Groundball, 34, EV 96.3 MPH)
Top of the 8th over - 1 run, 2 hits, 0 errors, 3 left on base; Delmarva 9 - Salem 5
BOTTOM OF THE 8TH
Salem Red Sox batting - Pitching for Delmarva Shorebirds : RHP Cris Franco
Batting: LHB Len Martin 0-0: Ball
1-0: Ball
2-0: Called Strike
2-1: Ground out 6-3 (Groundball, 6, EV 86.3 MPH)
Batting: RHB Leon Elkins 0-0: Called Strike
0-1: Foul Ball, location: 25FF
0-2: Ball
1-2: Ball
2-2: Ball
3-2: Foul Ball, location: 2F
3-2: Foul Ball, location: 2RF
3-2: Foul Ball, location: 3SF
3-2: Strikes out swinging, 2-3 out at first.
Batting: LHB Domenic Merritt 0-0: Swinging Strike
0-1: Swinging Strike
0-2: Strikes out looking
Bottom of the 8th over - 0 runs, 0 hits, 0 errors, 0 left on base; Delmarva 9 - Salem 5
TOP OF THE 9TH
Delmarva Shorebirds batting - Pitching for Salem Red Sox : RHP Isaac Baker
Batting: RHB Jorge Ramos 0-0: Called Strike
0-1: Foul Ball, location: 2F
0-2: Ball
1-2: Ball
2-2: Strikes out swinging
Batting: RHB Max Hardin 0-0: Ball
1-0: Foul Ball, location: 7LSF
1-1: Foul Ball, location: 9LMF
1-2: Ball
2-2: Strikes out swinging
Batting: RHB Pepe Pueblo 0-0: Swinging Strike
0-1: Swinging Strike
0-2: Foul Ball, location: 2F
0-2: Ground out U3 (Groundball, 34S, EV 86.9 MPH)
Top of the 9th over - 0 runs, 0 hits, 0 errors, 0 left on base; Delmarva 9 - Salem 5
BOTTOM OF THE 9TH
Salem Red Sox batting - Pitching for Delmarva Shorebirds : RHP Cris Franco
Batting: RHB José Abreu 0-0: Swinging Strike
0-1: Swinging Strike
0-2: Ball
1-2: Strikes out looking
Batting: RHB David Cavazos 0-0: Foul Ball, location: 2F
0-1: Ball
1-1: Ball
2-1: Ball
3-1: Base on Balls
Pitching: RHP Cristóbal Caraballo
Batting: SHB Jorge Carrillo 0-0: Ball
1-0: Ball
2-0: Foul Ball, location: 2F
2-1: Ball
3-1: Called Strike
3-2: Foul Ball, location: 3FF
3-2: Foul Ball, location: 2F
3-2: Foul Ball, location: 5SF
3-2: Strikes out swinging
Pinch Hitting: RHB Alfredo Rivera 0-0: Ball
1-0: Called Strike
1-1: Ball
2-1: Swinging Strike
2-2: Foul Ball, location: 2F
2-2: Fly out, F8 (Flyball, 8RXD, EV 96.3 MPH)
Bottom of the 9th over - 0 runs, 0 hits, 0 errors, 1 left on base; Delmarva 9 - Salem 5
Wednesday, May 1st , 2024 - OOTP Baseball 24.10 Build 82